 Dungeon Crawl Stone Soup version 0.20-a0-738-gb057e68 (webtiles) character file.

3190 polly the Basher (level 9, -9/55 HPs)
             Began as a Gargoyle Fighter on Feb 24, 2017.
             Was a Priest of Okawaru.
             Mangled by a manticore (13 damage)
             ... on level 7 of the Dungeon.
             The game lasted 00:09:19 (6065 turns).

polly the Basher (Gargoyle Fighter)                 Turns: 6065, Time: 00:09:20

Health: -9/55      AC: 27    Str: 21    XL:     9   Next: 96%
Magic:  9/9        EV: 11    Int:  9    God:    Okawaru [***...]
Gold:   170        SH: 11    Dex: 15    Spells: 8/8 levels left

rFire    . . .     SeeInvis .   a - +0 flail
rCold    + . .     Gourm    .   C - +5 ring mail of the Burgomaster {rC+ Dex+4 Stlth-}
rNeg     + . .     Faith    +   c - +0 shield
rPois    ∞         Spirit   .   (no helmet)
rElec    +         Reflect  .   e - +0 cloak (curse)
rCorr    .         Harm     .   v - +0 pair of gloves
MR       +....                  x - +2 pair of boots
Stlth    ..........             z - amulet of faith
Regen    0.2/turn               F - +5 ring of protection
MPRegen  0.2/turn               j - ring of protection from magic

@: exhausted, barbed spikes, flying, slowed, very slow
A: negative energy resistance 1, electricity resistance, unbreathing,
petrification resistance, rot immunity, AC +5
a: Heroism, Renounce Religion


You were on level 7 of the Dungeon.
You worshipped Okawaru.
Okawaru was most pleased with you.
You were hungry.

You visited 2 branches of the dungeon, and saw 8 of its levels.

You collected 357 gold pieces.
You spent 187 gold pieces at shops.

Inventory:

Hand Weapons
 a - a +0 flail (weapon)
Armour
 c - a +0 shield (worn)
 e - a cursed +0 cloak (worn)
 v - a +0 pair of gloves (worn)
 x - a +2 pair of boots (worn)
 C - the +5 ring mail of the Burgomaster (worn) {rC+ Dex+4 Stlth-}
   (You found it on level 5 of the Dungeon)

   It affects your dexterity (+4).
   It protects you from cold.
   It makes you less stealthy.
Jewellery
 j - a ring of protection from magic (left hand)
 z - an amulet of faith (around neck)
 F - a +5 ring of protection (right hand)
Wands
 A - a wand of confusion (22/48)
 D - a wand of random effects (16/48)
Scrolls
 d - a scroll of fear {unknown}
 l - 3 scrolls of amnesia
 n - 2 scrolls of remove curse {unknown}
 o - 4 scrolls of teleportation {unknown}
 q - a scroll of magic mapping {unknown}
 s - a scroll of recharging {unknown}
 t - 4 scrolls of identify
 u - a scroll of enchant armour {unknown}
 E - 3 scrolls of enchant weapon {unknown}
Potions
 b - a potion of berserk rage
 h - a potion of agility
 p - a potion of lignification {unknown}
 r - 2 potions of brilliance
 w - a potion of haste {unknown}
 B - a potion of mutation {unknown}
Books
 y - a book of Maledictions

   Spells                             Type                      Level
   a - Corona                         Hexes                        1
   b - Ensorcelled Hibernation        Hexes/Ice                    2
   c - Confuse                        Hexes                        3
   d - Tukima's Dance                 Hexes                        3
   e - Dazzling Spray                 Conjuration/Hexes            3
Comestibles
 f - 7 bread rations
 g - 2 royal jellies
 i - 4 meat rations


   Skills:
 + Level 6.3 Fighting
 + Level 8.8 Maces & Flails
 + Level 5.9 Armour
 + Level 2.8 Dodging
 + Level 1.2 Stealth
 + Level 8.6 Shields


You had 8 spell levels left.
You didn't know any spells.

Dungeon Overview and Level Annotations

Branches:
Dungeon (7/15)             Temple (1/1) D:5

Altars:
Ashenzari
Cheibriados
Dithmenos
Elyvilon
Fedhas
Gozag
Kikubaaqudgha
Nemelex Xobeh
Okawaru
Ru
Sif Muna
Trog
Uskayaw
Vehumet
Xom
Yredelemnul
Zin
The Shining One
Jiyva

Shops:
D:5 [


Innate Abilities, Weirdness & Mutations

You are resistant to torment.
Your stone body is resilient. (AC +5)
You are immune to poison.
You resist negative energy. (rN+)
You are resistant to electric shocks. (rElec)
You can survive without breathing.
You are immune to petrification.
You are immune to rotting.


Message History

You block the manticore's attack.
You sock the manticore!
The manticore is severely wounded.
You hit the manticore.
The manticore is severely wounded.
The manticore bites you!
* * * LOW HITPOINT WARNING * * *
The manticore claws you but does no damage.
The manticore closely misses you.
You hit the manticore.
The manticore is almost dead.
You are no longer berserk.
You are exhausted.
You feel yourself slow down.
The manticore bites you but does no damage.
The manticore claws you but does no damage. x2
It was a potion of flight.
You feel very buoyant.
You fly up into the air.
The manticore bites you!
You die...

.. #. .# ##.#.# ...<
#... #..#
############
####..###hhh.......#
#......@Hhhh........
...##..###Yhh........
..######.##
####''''####
.........# #h.......#
..######># #........#
#.# #..h.....# #.#
#........# #.#
#........# #####.#
##########


You could see a manticore, 2 polar bears, a yak, 3 black bears and 3 hounds.

Vanquished Creatures
  A manticore (D:7)
  The ghost of Elysium the Slasher, a novice TeGl of Cheibriados (D:5)
  3 polar bears (D:7)
  2 phantoms (D:5)
  A sky beast (D:5)
  4 black bears (D:7)
  2 ice beasts
  4 bullfrogs
  2 scorpions (D:6)
  2 crimson imps (D:5)
  A hound (D:7)
  4 bullfrog skeletons
  Crazy Yiuf (D:2)
  2 iguanas
  2 orc priests
  5 orc wizards
  A centaur skeleton (D:4)
  4 worker ants
  A hound skeleton (D:6)
  A howler monkey zombie (D:7)
  7 adders
  An ooze (D:2)
  An adder zombie (D:5)
  3 worms
  4 leopard geckos
  27 orcs
  6 giant cockroaches
  6 goblins
  5 hobgoblins
  10 jackals
  6 kobolds
  3 quokkas
  7 bats
  6 frilled lizards
  A leopard gecko skeleton (D:4)
  3 quokka skeletons (D:4)
  5 rats
145 creatures vanquished.

Vanquished Creatures (others)
  A wizard (D:5)
  An orc (Temple)
2 creatures vanquished.

Grand Total: 147 creatures vanquished

Notes
Turn   | Place    | Note
-------+----------+-------------------------------------------
     0 | D:1      | polly the Gargoyle Fighter began the quest for the Orb.
     0 | D:1      | Reached XP level 1. HP: 14/14 MP: 1/1
   180 | D:1      | Reached XP level 2. HP: 16/19 MP: 2/2
   743 | D:1      | Reached XP level 3. HP: 24/24 MP: 3/3
  1063 | D:2      | You fall through a shaft for 2 floors!
  1245 | D:2      | Reached XP level 4. HP: 27/29 MP: 4/4
  1466 | D:2      | Found an opulent altar of Gozag.
  1736 | D:2      | Found a sacrificial altar of Ru.
  1770 | D:2      | Found a runed door.
  1774 | D:2      | Noticed Crazy Yiuf
  1779 | D:2      | Killed Crazy Yiuf
  1857 | D:3      | Found an ancient bone altar of Kikubaaqudgha.
  1874 | D:3      | Found a sparkling altar of Nemelex Xobeh.
  2197 | D:3      | Found a deep blue altar of Sif Muna.
  2364 | D:3      | Reached XP level 5. HP: 33/33 MP: 5/5
  2992 | D:4      | Reached XP level 6. HP: 4/38 MP: 6/6
  3324 | D:4      | Found a shattered altar of Ashenzari.
  3465 | D:4      | Reached skill level 5 in Shields
  3680 | D:5      | Entered Level 5 of the Dungeon
  3758 | D:5      | Noticed a phantom
  3782 | D:5      | Killed a phantom
  3782 | D:5      | Reached XP level 7. HP: 39/44 MP: 7/7
  3838 | D:5      | Noticed Elysium's ghost (novice TeGl)
  3866 | D:5      | Killed Elysium's ghost
  3866 | D:5      | Reached skill level 5 in Maces & Flails
  3866 | D:5      | Reached skill level 5 in Armour
  3912 | D:5      | Reached XP level 8. HP: 23/48 MP: 8/8
  4192 | D:5      | Found a bloodstained altar of Trog.
  4193 | D:5      | Noticed a wizard
  4199 | D:5      | Killed a wizard
  4352 | D:5      | Reached skill level 5 in Fighting
  4352 | D:5      | Reached skill level 1 in Dodging
  4398 | D:5      | Found a staircase to the Ecumenical Temple.
  4474 | Temple   | Entered the Ecumenical Temple
  4615 | Temple   | Became a worshipper of Warmaster Okawaru
  4881 | D:5      | Got a blackened ring mail
  4892 | D:5      | Identified the +5 ring mail of the Burgomaster {rC+ Dex+4 Stlth-} (You found it on level 5 of the Dungeon)
  4937 | D:5      | Found a shadowy altar of Dithmenos.
  4937 | D:5      | Found a hide-covered altar of Uskayaw.
  5003 | D:5      | Found Riecun Wath's Antique Armour Shoppe.
  5006 | D:5      | Bought a pair of glowing boots for 187 gold pieces
  5136 | D:5      | Found a glowing golden altar of the Shining One.
  5866 | D:7      | Reached * piety under Okawaru
  5866 | D:7      | Reached XP level 9. HP: 54/54 MP: 9/9
  5900 | D:7      | Reached skill level 1 in Stealth
  5962 | D:7      | Found a huge runed gate.
  5962 | D:7      | Found a huge runed gate.
  5963 | D:7      | Found a huge runed gate.
  5964 | D:7      | Noticed a polar bear
  5964 | D:7      | Noticed a manticore
  5966 | D:7      | Noticed a polar bear
  5966 | D:7      | Noticed a polar bear
  5967 | D:7      | Noticed a polar bear
  5972 | D:7      | Noticed a manticore
  5972 | D:7      | Noticed a polar bear
  5973 | D:7      | Found a huge runed gate.
  5996 | D:7      | Killed a polar bear
  6002 | D:7      | Killed a polar bear
  6002 | D:7      | Reached ** piety under Okawaru
  6025 | D:7      | Killed a polar bear
  6054 | D:7      | Killed a manticore
  6054 | D:7      | Reached *** piety under Okawaru
  6065 | D:7      | Mangled by a manticore

Vault maps used:
D:1:      dpeg_arrival_yet_another_circle, minmay_tetromino_o4
D:2:      lemuel_doored_altar, nicolae_ru_path_of_blood, uniq_crazy_yiuf_cottage
D:3:      lemuel_blue_sif_altar, kiku_gazebo_pond_becter,
          nemelex_xobeh_ov_fountains_minmay
D:4:      overflow_temple_1_default, first_bread, grunt_decor_arrowhead
D:5:      marbit_many_paths, amethyst_overflow_temple_binary,
          minmay_temple_entry_overgrown, serial_shops, kennysheep_mini_moat,
          minivault_25, minivault_26, trog_wizard
D:6:      uniq_sigmund
D:7:      lemuel_bear_cage, bloody_makhleb, old_standard_altar,
          lemuel_coloured_pillars_altar, the_bakery, lightli_church_of_beogh
Temple:   pf_slime_end_temple

Skill      XL: |  1  2  3  4  5  6  7  8  9 |
---------------+----------------------------+-----
Fighting       | 4 5 6 |  6.3
Shields        | 4 5 6 7 8 |  8.6
Maces & Flails | 3 4 5 7 8 |  8.8
Armour         | 4 5 |  5.9
Dodging        | 1 2 |  2.8
Stealth        | 1 |  1.2

Action                   |  1- 3 |  4- 6 |  7- 9 || total
-------------------------+-------+-------+-------++-------
Melee: Flail             |   203 |   324 |   422 ||   949
  Use: Potion            |       |     1 |     5 ||     6
       Scroll            |       |       |     5 ||     5
  Eat: Chunk             |     1 |     9 |    10 ||    20
Armor: Scale mail        |     9 |       |       ||     9
       Chain mail        |   191 |    44 |       ||   235
       Plate armour      |       |   204 |   159 ||   363
       Ring mail         |       |       |   130 ||   130
Dodge: Dodged            |    70 |    56 |   164 ||   290
Block: Shield            |   131 |   170 |   268 ||   569
